 Dungeon Crawl Stone Soup version 0.30.1-4-g462c640d31 (webtiles) character file.

Game seed: 14539381066287645968

669 hawla the Firebug (level 8, -3/82 (87) HPs)
             Began as a Meteoran Fire Elementalist on Aug 19, 2023.
             Slain by Edmund
             ... wielding a +3 flail of draining
              (5 damage)
             ... on level 5 of the Dungeon.
             The game lasted 00:05:47 (1786 turns).

hawla the Firebug (Meteoran Fire Elementalist)      Turns: 1786, Time: 00:05:48

HP:   -3/82 (87)    AC:  4    Str: 10    XL:     8   Next: 13%
MP:   12/16         EV: 12    Int: 19    God:
Gold: 112           SH:  0    Dex: 14    Spells: 9/16 levels left

rFire   + . .        n - +0 flail
rCold   . . .        (no shield)
rNeg    . . .        a - +0 robe
rPois   .            (no helmet)
rElec   .            (no cloak)
rCorr   .            e - +0 pair of gloves
SInv    .            t - +0 pair of boots
Will    +....        (no amulet) Stlth
                     l - ring of protection from fire
HPRegen 0.33/turn    (no ring)
MPRegen 0.15/turn

%: no passive effects
@: berserking, glowing, drained, very quick
A: sense surroundings 1, otherworldly, glowing, explore regen
a: no special abilities


You were on level 5 of the Dungeon.
You visited 1 branch of the dungeon, and saw 5 of its levels.

You collected 112 gold pieces.

Inventory:

Hand Weapons
 n - a +0 flail (weapon)
Armour
 a - a +0 robe (worn)
 e - a +0 pair of gloves (worn)
 t - a +0 pair of boots (worn)
Magical Staves
 s - a staff of conjuration
Jewellery
 l - a ring of protection from fire (left hand)
Wands
 i - a wand of paralysis (4) (quivered)
 o - a wand of flame (12)
Scrolls
 k - 2 scrolls of brand weapon {unknown}
 p - a scroll of enchant armour {unknown}
 r - a scroll of teleportation {unknown}
Potions
 b - 2 potions of magic
 d - 2 potions of flight {unknown}
 f - a potion of attraction {unknown}
 g - 2 potions of degeneration {unknown}
 h - a potion of brilliance {unknown}
 j - 2 potions of haste {unknown}
 m - a potion of lignification {unknown}
 q - a potion of heal wounds {unknown}


   Skills:
 + Level 0.7 Fighting
 + Level 2.8 Dodging
 - Level 1.4 Stealth
 + Level 4.9 Spellcasting
 + Level 5.7 Conjurations
 + Level 6.3 Fire Magic
 + Level 3.0 Evocations


You had 9 spell levels left.
You knew the following spells:

 Your Spells              Type           Power      Damage    Failure   Level
a - Foxfire               Conj/Fire      100%       2x1d9     1%          1
b - Scorch                Fire           56%        2d7       1%          2
c - Flame Wave            Conj/Fire      27%        2d9       11%         4

Your spell library contained the following spells:

 Spells                   Type           Power      Damage    Failure   Level
 Inner Flame              Hex/Fire       16%        N/A       10%         3
 Volatile Blastmotes      Fire/Tloc      32%        2d12      10%         3
 Summon Forest            Summ/Tloc      2%         N/A       98%         5
 Eringya's Noxious Bog    Tmut/Pois      2%         N/A       100%        6
 Summon Hydra             Summ           2%         N/A       100%        7


Dungeon Overview and Level Annotations

Branches:
Dungeon (5/15) Zot: 1212
 Temple: D:4-7

Altars:
Cheibriados
Elyvilon
Kikubaaqudgha
Uskayaw

Annotations:
D:5 Edmund, Menkaure


Innate Abilities, Weirdness & Mutations

You passively map a small area around you.
You are easily found by Zot.
You glow in the dark.
You regain HP and MP as you explore.


Message History

Confirm with . or Enter, or press ? or * to list all spells.
You conjure some foxfire!
Menkaure grins.
Menkaure calls on the powers of darkness!
Edmund convulses!
Your body is wracked with pain!
The foxfire hits Edmund.
Edmund is heavily wounded.
The foxfire hits Edmund but does no damage.
Edmund is heavily wounded.
The foxfire hits Edmund.
Edmund is severely wounded.
The foxfire hits Edmund but does no damage.
Edmund is severely wounded.
Casting: Foxfire (safe; 1% risk of failure)
Confirm with . or Enter, or press ? or * to list all spells.
Casting: Flame Wave (dangerous; 11% risk of failure)
Press: ? - help, Dir - look around, f - activate A wave of flame ripples out!
The tree burns like a torch!
The flame wave engulfs Edmund.
Edmund is severely wounded. (Press . to intensify the flame waves.) Edmund hits you with a +3 flail of draining.
You feel drained.
Menkaure calls on the powers of darkness!
Your body is wracked with pain!
* * * LOW HITPOINT WARNING * * *
Edmund convulses!
Edmund hits you with a +3 flail of draining!
* * * LOW HITPOINT WARNING * * *
You feel drained.
* * * LOW HITPOINT WARNING * * *
The forest fire spreads!
You see here a large rock.
A red film seems to cover your vision as you go berserk!
You feel yourself moving faster!
You feel mighty! Edmund barely misses you.
Menkaure hums drily.
You barely miss Edmund.
Edmund is almost dead.
Edmund is engulfed in blazing flames.
Edmund hits you with a +3 flail of draining.
You die...

#................#*####*
#................#
#.....####.......# #.....#
################### ### #.....#
♣♣** ♣♣♣♣~~~#.....####.. #.....#
*♣..♣♣♣....~~#.....'.##.. #.###.#
*PP....P....♣#.....#..... ### ###
*..........♣*###'######.. **
**P....M.@..♣♣##...#####.. ,**
*,.....§@§....###'###..... ,,*
**P....§§§...P#.....#..... ,**
*...♣♣♣♣§♣...'.....#..... ###
*♣♣** ♣♣♣.(.#.....#..... #.###
######################.....
#...###).........................
###..............................
# ####.........#########.####....


You could see Edmund and Menkaure.

Vanquished Creatures
  A black bear (D:5)
  An ice beast (D:5)
  Blork the orc (D:5)
  A bullfrog (D:4)
  A hound (D:4)
  2 orc priests (D:4)
  A jelly (D:5)
  Ijyb (D:5)
  2 iguanas
  An orc wizard (D:5)
  4 gnolls (D:4)
  5 adders
  A white imp (D:5)
  An ufetubus (D:5)
  A dart slug (D:1)
  10 orcs
  2 bats (D:1)
  4 endoplasms
  A giant cockroach (D:3)
  A goblin (D:4)
  2 hobgoblins (D:1)
  3 kobolds
  A quokka (D:1)
  2 ball pythons
  3 rats (D:1)
53 creatures vanquished.

Vanquished Creatures (others)
  A quokka (D:4)
  134 foxfires
135 creatures vanquished.

Grand Total: 188 creatures vanquished

Notes
Turn   | Place    | Note
-------+----------+-------------------------------------------
     0 | D:1      | hawla the Meteoran Fire Elementalist began the quest for
                  | the Orb.
     0 | D:1      | Reached XP level 1. HP: 14/14 MP: 5/5
   199 | D:1      | Reached skill level 4 in Fire Magic
   199 | D:1      | Reached XP level 2. HP: 20/20 MP: 2/6
   202 | D:1      | Learned a level 2 spell: Scorch
   500 | D:1      | Glimpsed the power of Zot.
   550 | D:1      | Glimpsed the power of Zot.
   596 | D:4      | Reached XP level 3. HP: 26/26 MP: 5/8
   621 | D:4      | Reached skill level 5 in Fire Magic
   621 | D:4      | Reached XP level 4. HP: 19/33 MP: 0/9
   626 | D:4      | Learned a level 4 spell: Flame Wave
   647 | D:4      | Noticed a bullfrog
   651 | D:4      | Killed a bullfrog
   652 | D:4      | Reached XP level 5. HP: 38/38 MP: 4/10
   667 | D:4      | Found a white marble altar of Elyvilon.
   672 | D:4      | Reached XP level 6. HP: 45/45 MP: 2/11
   735 | D:4      | Reached skill level 5 in Conjurations
   871 | D:4      | Found a hide-covered altar of Uskayaw.
  1145 | D:4      | Found a snail-covered altar of Cheibriados.
  1174 | D:4      | Found an ancient bone altar of Kikubaaqudgha.
  1242 | D:5      | Entered Level 5 of the Dungeon
  1373 | D:5      | Noticed Ijyb
  1378 | D:5      | Killed Ijyb
  1379 | D:5      | Reached XP level 7. HP: 51/51 MP: 8/13
  1471 | D:5      | Noticed Blork the orc
  1476 | D:5      | Killed Blork the orc
  1526 | D:5      | Reached skill level 6 in Fire Magic
  1526 | D:5      | Reached XP level 8. HP: 58/58 MP: 11/16
  1778 | D:5      | Noticed Edmund
  1779 | D:5      | Noticed Menkaure
  1784 | D:5      | HP: 1/55 [Edmund/+3 flail of draining (3)]
  1786 | D:5      | Slain by Edmund

Illustrated notes

Levels and vault maps discovered:
D:1:      eino_arrival_druids_welcome, layout_loops_corners, glass_columns_c
D:2:      layout_loops_ring, basic_altar, reono_crystal_passage,
          uniq_crazy_yiuf_cottage
D:3:      layout_loops_ring, guppyfry_early_orc_mine
D:4:      layout_rooms, nicolae_uskayaw_suspiria, kiku_gazebo_garden_becter,
          elyvilon_altar_4, mainiacjoe_overflow_surrounded_room
D:5:      layout_basic, makhleb_blood_cavern_becter, grunt_ministairs_11,
          amcnicky_mini_pool_small, nicolae_shop_i_like_small_books_too,
          minivault_5, nicolae_zen_rock_garden, uniq_blork_the_orc,
          uniq_menkaure, uniq_ijyb, uniq_edmund

Skill      XL: |  1  2  3  4  5  6  7 |
---------------+----------------------+-----
Fire Magic     | 4 5 6 |  6.3
Spellcasting   | 3 4 |  4.9
Conjurations   | 3 4 5 |  5.7
Evocations     | 3 |  3.0
Fighting       | |  0.7
Dodging        | |  2.8
Stealth        | |  1.4

Action                     |  1- 3 |  4- 6 |  7- 9 || total
---------------------------+-------+-------+-------++-------
  Melee: Unarmed           |    25 |     1 |       ||    26
         Flail             |       |     3 |     4 ||     7
   Cast: Foxfire           |    37 |    24 |    16 ||    77
         Scorch            |       |    13 |    12 ||    25
         Flame Wave        |       |     1 |     2 ||     3
    Use: Potion            |     1 |       |     1 ||     2
         Scroll            |       |     4 |       ||     4
 Armour: Robe              |    15 |     2 |     1 ||    18
  Dodge: Dodged            |    21 |     3 |     2 ||    26
